 Dungeon Crawl Stone Soup version 0.28.0-45-g0d030f2227 (webtiles) character file.

Game seed: 16816406974505048256

24 McKennaii the Skirmisher (level 2, -2/24 HPs)
             Began as a Demonspawn Fighter on Apr 5, 2022.
             Killed from afar by Sigmund (7 damage)
             ... with a magic dart
             ... on level 2 of the Dungeon.
             The game lasted 00:01:11 (821 turns).

McKennaii the Skirmisher (Demonspawn Fighter)        Turns: 821, Time: 00:01:11

Health: -2/24      AC:  6    Str: 16    XL:     2   Next: 79%
Magic:  2/2        EV:  8    Int:  9    God:
Gold:   109        SH:  5    Dex: 18    Spells: 1/1 levels left

rFire   . . .      SeeInvis .   a - +0 trident
rCold   . . .      Faith    .   c - +0 buckler
rNeg    . . .      Spirit   .   b - +0 scale mail
rPois   .          Reflect  .   (no helmet)
rElec   .          Harm     .   (no cloak)
rCorr   .          Rampage  .   (no gloves)
Will    .....                   (no boots)
Stlth   ..........              (no amulet)
HPRegen 0.08/turn               e - +6 ring of dexterity
MPRegen 0.08/turn               (no ring)

@: mighty
A: spiny 1
a: no special abilities


You were on level 2 of the Dungeon.
You visited 1 branch of the dungeon, and saw 2 of its levels.

You collected 109 gold pieces.

Inventory:

Hand Weapons
 a - a +0 trident (weapon)
Armour
 b - a +0 scale mail (worn)
 c - a +0 buckler (worn)
Jewellery
 e - a +6 ring of dexterity (left hand)
Scrolls
 g - 2 scrolls of identify {unknown}
 h - a scroll of magic mapping {unknown}
 i - a scroll of summoning {unknown}
Potions
 f - a potion of flight {unknown}
 j - a potion of attraction {unknown}


   Skills:
 + Level 3.2 Fighting
 + Level 2.1 Polearms
 + Level 3.0 Armour
 + Level 3.0 Shields


You had one spell level left.
You didn't know any spells.
Your spell library was empty.

Dungeon Overview and Level Annotations

Branches:
Dungeon (2/15)

Altars:

Annotations:
D:2 Sigmund


Innate Abilities, Weirdness & Mutations

You are partially covered in sharp spines.


Message History

Unknown command.
You feel very mighty all of a sudden.
Reach: a) +0 trident
Press: ? - help, Dir - move target, f - Sigmund
Aim: Sigmund, wielding a +0 scythe and wearing a +0 robe (about 42% to evade your +0 trident)
You reach to attack!
You barely miss Sigmund. Sigmund barely misses you.
Reach: a) +0 trident
Press: ? - help, Dir - move target, f/p - Sigmund
Aim: Sigmund, wielding a +0 scythe and wearing a +0 robe (about 42% to evade your +0 trident)
You reach to attack!
You barely miss Sigmund. Sigmund gestures at you while chanting.
The puff of flame hits you.
Reach: a) +0 trident
Press: ? - help, Dir - move target, f/p - Sigmund
Aim: Sigmund, wielding a +0 scythe and wearing a +0 robe (about 42% to evade your +0 trident)
You reach to attack!
You hit Sigmund.
Sigmund is lightly wounded.
Sigmund barely misses you.
Reach: a) +0 trident
Press: ? - help, Dir - move target, f/p - Sigmund
Aim: Sigmund, wielding a +0 scythe and wearing a +0 robe (lightly wounded, about 42% to evade your +0 trident)
You reach to attack!
You puncture Sigmund!
Sigmund is moderately wounded.
Sigmund hits you from afar with a +0 scythe.
Reach: a) +0 trident
Press: ? - help, Dir - move target, f/p - Sigmund
Aim: Sigmund, wielding a +0 scythe and wearing a +0 robe (moderately wounded, about 42% to evade your +0 trident)
You reach to attack!
You puncture Sigmund!
Sigmund is almost dead.
Sigmund hits you from afar with a +0 scythe!
* * * LOW HITPOINT WARNING * * *
Reach: a) +0 trident
Press: ? - help, Dir - move target, f/p - Sigmund
Aim: Sigmund, wielding a +0 scythe and wearing a +0 robe (almost dead, about 42% to evade your +0 trident)
You reach to attack!
You barely miss Sigmund.
Sigmund is almost dead.
Sigmund screams, "Only death can liberate you!"
Sigmund gestures at you while chanting. The magic dart hits you!
You die...

#.# #.#
#######.#####
............#
............#
.....@......#
..........).##
#@.....#
#.####.#
#####....#
#.....#.##
..........>#
.##.#......#
#.#.####.#
#.#.# #.#
#.#.# #.#


You could see Sigmund.

Vanquished Creatures
  A bat (D:2)
  3 endoplasms (D:1)
  5 goblins (D:1)
  2 hobgoblins (D:1)
  A quokka (D:1)
  2 ball pythons (D:1)
  A frilled lizard (D:1)
  5 kobolds (D:1)
20 creatures vanquished.

Notes
Turn   | Place    | Note
-------+----------+-------------------------------------------
     0 | D:1      | McKennaii the Demonspawn Fighter began the quest for the
                  | Orb.
     0 | D:1      | Reached XP level 1. HP: 18/18 MP: 1/1
   190 | D:1      | Gained mutation: You are partially covered in sharp spines.
                  | [demonic ancestry]
   190 | D:1      | Reached XP level 2. HP: 23/24 MP: 2/2
   810 | D:2      | Noticed Sigmund
   821 | D:2      | Killed from afar by Sigmund

Illustrated notes

Levels and vault maps discovered:
D:1:      scummos_arrival_star, layout_loops_cross, minmay_crystal_water,
          minmay_misc_feat_nine_boxes
D:2:      layout_basic, roderic_lattice_a, uniq_robin, uniq_jessica,
          uniq_sigmund

Skill      XL: |  1  2 |
---------------+-------+-----
Polearms       | 2 |  2.1
Shields        | 3 |  3.0
Armour         | 3 |  3.0
Fighting       | |  3.2

Action                   || total
-------------------------++-------
Melee: Trident           ||    46
  Use: Potion            ||     1
Armor: Scale mail        ||    16
Dodge: Dodged            ||    14
Block: Buckler           ||     4
